Influenza vs Tamiflu (R1)

Created - 9 février 2016 at 20:41

Goals
1 2 3 T
Influenza 0 2 2 4
Tamiflu 1 1 0 2
Shots
1 2 3 T
Influenza 8 11 18 37
Tamiflu 15 14 8 37

1st period

1. Tamiflu , Ben Hanowski 6 (Justin Braun) at 14:35

Penalties :
Mathieu Carle (VJB) for Interference (Minor) at 3:52, Colin McDonald (VJB) for Hooking (Minor) at 6:25, Jeff May (VJB) for Hooking (Minor) at 9:30, Corey Tropp (VJB) for Tripping (Minor) at 12:01

2nd period

2. Tamiflu , Greg Mauldin 23 (Jan Mursak, Nathan Oystrick) at 9:51 (PP)
3. Influenza , Ryan Carter 32 (Jeff May) at 14:42
4. Influenza , John Klingberg 19 (Zac Dalpe) at 18:24

Penalties :
Robbie Earl (VJB) for Roughing (Minor) at 0:19, Zac Dalpe (VJB) for Holding (Minor) at 5:29, Ryan Carter (VJB) for Holding (Minor) at 9:38

3rd period

5. Influenza , Ben Smith 23 (Ryan Carter, Noah Welch) at 3:09
6. Influenza , Zac Dalpe 22 (Jeremy Morin, Jamie Benn) at 15:04

Penalties :
Stefan Elliott (Det) for Hooking (Minor) at 5:44

Goalie Stats

Alex Stalock (VJB), 35 saves from 37 shots - (0,946), W, 25-9-4, 60:00 minutes
Mike McKenna (Det), 33 saves from 37 shots - (0,892), L, 14-16-5, 60:00 minutes

Players Stats for Influenza

Player Name              G  A  P  +/- PIM S  H  SB GA TA FO     MP     PP MP  PK MP  
------------------------------------------------------------------------------------
Ben Smith                1  0  1   2  0   4  4  0  0  0  2/2    19:54   1:07   3:58 
Carl Gunnarsson          0  0  0   0  0   0  0  0  0  0  0/0     9:58   0:32   0:12 
Charlie Coyle            0  0  0  -1  0   1  0  0  0  0  3/6     7:16   0:00   0:47 
Colin McDonald           0  0  0  -1  2   0  0  1  0  0  0/0     6:59   0:00   0:00 
Corey Tropp              0  0  0   0  2   2  1  0  0  0  0/0    10:24   0:00   0:00 
Evgeny Grachev           0  0  0   0  0   3  0  0  0  0  3/7    10:22   0:00   0:00 
Jamie Benn               0  1  1   2  0   2  0  1  0  0  0/0    19:04   0:52   5:06 
Jeff May                 0  1  1   0  2   0  0  0  0  0  0/0    11:24   0:32   1:26 
Jeremy Morin             0  1  1   2  0   0  2  0  2  1  1/1    13:57   0:52   0:00 
John Klingberg           1  0  1   2  0   5  2  3  3  1  0/0    20:39   1:16   4:51 
Mathieu Carle            0  0  0   1  2   4  3  2  1  0  0/0    28:08   0:11   5:50 
Matt Corrente            0  0  0   2  0   2  3  0  0  2  0/0    20:39   1:16   4:51 
Noah Welch               0  1  1   1  0   4  1  3  1  0  0/0    29:23   0:11   7:04 
Robbie Earl              0  0  0   2  2   0  1  3  1  1  1/2    22:40   1:07   5:37 
Ryan Carter              1  1  2   2  2   4  3  0  4  0  22/37  22:59   1:07   6:30 
Ryan Russell             0  0  0  -1  0   2  1  0  0  0  0/0     8:57   0:00   1:54 
T.J Galiardi             0  0  0   0  0   2  2  0  2  0  2/2    10:36   0:00   0:14 
Zac Dalpe                1  1  2   2  2   2  3  0  1  0  7/15   14:27   0:52   0:08 

Players Stats for Tamiflu

Player Name              G  A  P  +/- PIM S  H  SB GA TA FO     MP     PP MP  PK MP  
------------------------------------------------------------------------------------
Ben Hanowski             1  0  1   1  0   3  3  0  0  0  1/1     7:00   0:12   0:00 
Casey Wellman            0  0  0  -2  0   1  2  0  0  0  6/14   18:46   6:08   0:28 
Garrett Wilson           0  0  0   1  0   2  2  0  0  0  0/0     7:33   0:00   0:24 
Greg Mauldin             1  0  1   0  0   6  1  0  1  4  12/32  21:42   5:47   1:07 
Greg McKegg              0  0  0   1  0   2  0  0  0  0  1/5     7:16   0:00   0:07 
Jan Mursak               0  1  1   0  0   1  5  0  0  0  1/2    20:35   5:47   0:00 
Jerome Gauthier-Leduc    0  0  0   0  0   0  0  0  0  0  0/0     0:00   0:00   0:00 
Jonathan Sigalet         0  0  0  -4  0   4  1  1  2  1  0/0    29:12   7:50   1:22 
Jordan Hendry            0  0  0   0  0   1  2  6  0  2  0/0    19:42   4:17   0:37 
Justin Braun             0  1  1   1  0   1  0  0  0  1  0/0     8:11   0:00   0:00 
Konrad Abeltshauser      0  0  0   0  0   0  0  0  0  0  0/0     0:00   0:00   0:00 
Kyle Lawson              0  0  0   0  0   2  4  2  0  0  0/0    19:42   4:17   0:37 
Mike Duco                0  0  0  -2  0   1  3  2  0  1  0/0    17:56   6:08   0:00 
Nathan Oystrick          0  1  1  -4  0   4  2  2  2  3  0/0    29:12   7:50   1:22 
Nino Niederreiter        0  0  0  -2  0   0  4  0  0  0  0/0    13:01   0:24   0:28 
Petr Pohl                0  0  0   0  0   4  3  0  0  0  2/3    21:42   5:47   1:07 
Philippe Dupuis          0  0  0  -2  0   0  1  0  0  1  8/13   11:46   0:00   0:17 
Rich Clune               0  0  0  -2  0   0  1  1  0  0  0/0    11:59   0:12   0:00 
Stefan Elliott           0  0  0   0  2   0  0  0  0  1  0/0     3:33   0:00   0:00 
Teemu Laakso             0  0  0   0  0   0  0  0  0  0  0/0     2:55   0:00   0:00 
Tye McGinn               0  0  0  -2  0   4  1  1  0  1  0/2    18:06   5:56   0:00 
Zach Trotman             0  0  0   1  0   1  0  1  0  0  0/0     8:11   0:00   0:00 

3 Stars

1 - Ben Smith (VJB)
2 - Ryan Carter (VJB)
3 - Zac Dalpe (VJB)

Power Play

Influenza - 0 on 1 Attempt(s) - 0,00%
Tamiflu - 1 on 7 Attempt(s) - 14,29%

Penalty Kill

Influenza - 6 on 7 Attempt(s) - 85,71% - Score 0 goal in Penalty Kill
Tamiflu - 1 on 1 Attempt(s) - 100,00% - Score 0 goal in Penalty Kill

Team Stat

Influenza - Hits : 26 - Faceoff Wins : 41 - Blocked Shots : 13 - Penalty Minutes : 14
Tamiflu - Hits : 35 - Faceoff Wins : 31 - Blocked Shots : 16 - Penalty Minutes : 2

Official

Referees : O'Rourke Dan and Ciamaga Chris
Linesman : Andy McElman and Lonnie Cameron

Game Notes

No Game Note

Finance

Level 1 -- Attendance: 1345 (67,25%) -- Ticket Income 40 350 $
Level 2 -- Attendance: 748 (74,80%) -- Ticket Income 8 976 $
Total Attendance: 2093 (69,77%)
Total Ticket Income: 49 326 $
Other Income: 2 466 $
Total Income: 51 792 $

Influenza

5 vs 5 Forward 
   Center                   Left Wing                Right Wing               Time % Phy DF OF 
 1 Ryan Carter              Robbie Earl              Ben Smith                40     1   2  2  
 2 Zac Dalpe                Jamie Benn               Jeremy Morin             30     1   2  2  
 3 Evgeny Grachev           T.J Galiardi             Corey Tropp              20     1   2  2  
 4 Charlie Coyle            Ryan Russell             Colin McDonald           10     1   2  2  

5 vs 5 Defense 
   Defense                  Defense                                           Time % Phy DF OF 
 1 Noah Welch               Mathieu Carle                                     40     1   2  2  
 2 John Klingberg           Matt Corrente                                     30     1   2  2  
 3 Carl Gunnarsson          Jeff May                                          20     1   2  2  
 4 Noah Welch               Mathieu Carle                                     10     1   2  2  

PowerPlay Forward 
   Center                   Left Wing                Right Wing               Time % Phy DF OF 
 1 Ryan Carter              Robbie Earl              Ben Smith                60     1   2  2  
 2 Zac Dalpe                Jamie Benn               Jeremy Morin             40     1   2  2  

PowerPlay Defense
   Defense                  Defense                                           Time % Phy DF OF 
 1 Noah Welch               Mathieu Carle                                     60     1   2  2  
 2 John Klingberg           Matt Corrente                                     40     1   2  2  

Penalty Kill 4 Players Forward 
   Center                   Wing                     Time % Phy DF OF 
 1 Ryan Carter              Robbie Earl              60     1   2  2  
 2 Ben Smith                Jamie Benn               40     1   2  2  

Penalty Kill 4 Players Defense
   Defense                  Defense                  Time % Phy DF OF 
 1 Noah Welch               Mathieu Carle            60     1   2  2  
 2 John Klingberg           Matt Corrente            40     1   2  2  

Penalty Kill - 3 Players Forward 
   Forward                                           Time % Phy DF OF 
 1 Ryan Carter                                       60     1   2  2  
 2 Robbie Earl                                       40     1   2  2  

Penalty Kill - 3 Players Defense
   Defense                  Defense                  Time % Phy DF OF 
 1 Noah Welch               Mathieu Carle            60     1   2  2  
 2 John Klingberg           Matt Corrente            40     1   2  2  

4 vs 4 Forward 
   Center                   Wing                     Time % Phy DF OF 
 1 Ryan Carter              Robbie Earl              60     1   2  2  
 2 Ben Smith                Jamie Benn               40     1   2  2  

4 vs 4 Defense
   Defense                  Defense                  Time % Phy DF OF 
 1 Noah Welch               Mathieu Carle            60     1   2  2  
 2 John Klingberg           Matt Corrente            40     1   2  2  

Last Minutes Offensive
   Center                   Left Wing                Right Wing               Defense                  Defense                  
   Ryan Carter              Robbie Earl              Ben Smith                Noah Welch               Mathieu Carle            

Last Minutes Defensive
   Center                   Left Wing                Right Wing               Defense                  Defense                  
   Ryan Carter              Robbie Earl              Ben Smith                Noah Welch               Mathieu Carle            

Goaltenders
Starting : Alex Stalock             
Backup : Thomas McCollum          

Extra Forwards
Normal : T.J Galiardi, Evgeny Grachev, Ryan Russell - PP : T.J Galiardi, Evgeny Grachev - PK : Ryan Russell
Extra Defensemen
Normal : Carl Gunnarsson, Jeff May, John Klingberg - PP : Carl Gunnarsson - PK : Jeff May, John Klingberg
Penalty Shots
Ryan Carter, Robbie Earl, Ben Smith, Jamie Benn, T.J Galiardi

Tamiflu

5 vs 5 Forward 
   Center                   Left Wing                Right Wing               Time % Phy DF OF 
 1 Greg Mauldin             Jan Mursak               Petr Pohl                40     1   2  2  
 2 Casey Wellman            Tye McGinn               Nino Niederreiter        30     1   2  2  
 3 Philippe Dupuis          Rich Clune               Mike Duco                20     1   2  2  
 4 Greg McKegg              Garrett Wilson           Ben Hanowski             10     1   2  2  

5 vs 5 Defense 
   Defense                  Defense                                           Time % Phy DF OF 
 1 Jonathan Sigalet         Nathan Oystrick                                   40     1   2  2  
 2 Jordan Hendry            Kyle Lawson                                       30     1   2  2  
 3 Justin Braun             Zach Trotman                                      20     1   2  2  
 4 Teemu Laakso             Stefan Elliott                                    10     1   2  2  

PowerPlay Forward 
   Center                   Left Wing                Right Wing               Time % Phy DF OF 
 1 Greg Mauldin             Jan Mursak               Petr Pohl                60     1   2  2  
 2 Casey Wellman            Tye McGinn               Mike Duco                40     1   2  2  

PowerPlay Defense
   Defense                  Defense                                           Time % Phy DF OF 
 1 Jonathan Sigalet         Nathan Oystrick                                   60     1   2  2  
 2 Jordan Hendry            Kyle Lawson                                       40     1   2  2  

Penalty Kill 4 Players Forward 
   Center                   Wing                     Time % Phy DF OF 
 1 Greg Mauldin             Petr Pohl                60     1   2  2  
 2 Casey Wellman            Nino Niederreiter        40     1   2  2  

Penalty Kill 4 Players Defense
   Defense                  Defense                  Time % Phy DF OF 
 1 Jonathan Sigalet         Nathan Oystrick          60     1   2  2  
 2 Jordan Hendry            Kyle Lawson              40     1   2  2  

Penalty Kill - 3 Players Forward 
   Forward                                           Time % Phy DF OF 
 1 Greg Mauldin                                      60     1   2  2  
 2 Casey Wellman                                     40     1   2  2  

Penalty Kill - 3 Players Defense
   Defense                  Defense                  Time % Phy DF OF 
 1 Jonathan Sigalet         Nathan Oystrick          60     1   2  2  
 2 Jordan Hendry            Kyle Lawson              40     1   2  2  

4 vs 4 Forward 
   Center                   Wing                     Time % Phy DF OF 
 1 Greg Mauldin             Petr Pohl                60     1   2  2  
 2 Casey Wellman            Nino Niederreiter        40     1   2  2  

4 vs 4 Defense
   Defense                  Defense                  Time % Phy DF OF 
 1 Jonathan Sigalet         Nathan Oystrick          60     1   2  2  
 2 Jordan Hendry            Kyle Lawson              40     1   2  2  

Last Minutes Offensive
   Center                   Left Wing                Right Wing               Defense                  Defense                  
   Greg Mauldin             Jan Mursak               Petr Pohl                Jonathan Sigalet         Nathan Oystrick          

Last Minutes Defensive
   Center                   Left Wing                Right Wing               Defense                  Defense                  
   Greg Mauldin             Jan Mursak               Petr Pohl                Jonathan Sigalet         Nathan Oystrick          

Goaltenders
Starting : Mike McKenna             
Backup : Thomas Greiss            

Extra Forwards
Normal : Nino Niederreiter, Rich Clune, Philippe Dupuis - PP : Nino Niederreiter, Rich Clune - PK : Philippe Dupuis
Extra Defensemen
Normal : Jerome Gauthier-Leduc, Konrad Abeltshauser, Justin Braun - PP : Jerome Gauthier-Leduc - PK : Konrad Abeltshauser, Justin Braun
Penalty Shots
Greg Mauldin, Petr Pohl, Mike Duco, Ben Hanowski, Jan Mursak

% Time on Ice - Influenza

Lines # - Real PCT - Wanted PCT - Time Play
Normal Forward
1 - 35% - 40% - 15:57
2 - 29% - 30% - 13:06
3 - 23% - 20% - 10:22
4 - 14% - 10% - 6:29
Normal Defense
1 - 43% - 40% - 19:33
2 - 32% - 30% - 14:32
3 - 20% - 20% - 9:14
4 - 6% - 10% - 2:35
PP Forward
1 - 56% - 60% - 1:07
2 - 44% - 40% - 0:52
PP Defense
1 - 36% - 60% - 0:43
2 - 64% - 40% - 1:16
PK Forward
1 - 67% - 60% - 8:09
2 - 33% - 40% - 3:58
PK Defense
1 - 60% - 60% - 7:16
2 - 40% - 40% - 4:51
PK3 Forward
1 - 0% - 60%
2 - 0% - 40%
PK3 Defense
1 - 0% - 60%
2 - 0% - 40%
44 Forward
1 - 0% - 60%
2 - 0% - 40%
44 Defense
1 - 0% - 60%
2 - 0% - 40%
Last Minute Offensive  - 0:00
Last Minute Defensive  - 0:00
Total
Forward - 60:00
Defense - 60:00

% Time on Ice - Tamiflu

Lines # - Real PCT - Wanted PCT - Time Play
Normal Forward
1 - 34% - 40% - 15:45
2 - 27% - 30% - 12:10
3 - 25% - 20% - 11:29
4 - 14% - 10% - 6:30
Normal Defense
1 - 44% - 40% - 20:00
2 - 32% - 30% - 14:48
3 - 18% - 20% - 8:11
4 - 6% - 10% - 2:55
PP Forward
1 - 49% - 60% - 5:59
2 - 51% - 40% - 6:08
PP Defense
1 - 65% - 60% - 7:50
2 - 35% - 40% - 4:17
PK Forward
1 - 76% - 60% - 1:31
2 - 24% - 40% - 0:28
PK Defense
1 - 69% - 60% - 1:22
2 - 31% - 40% - 0:37
PK3 Forward
1 - 0% - 60%
2 - 0% - 40%
PK3 Defense
1 - 0% - 60%
2 - 0% - 40%
44 Forward
1 - 0% - 60%
2 - 0% - 40%
44 Defense
1 - 0% - 60%
2 - 0% - 40%
Last Minute Offensive  - 0:00
Last Minute Defensive  - 0:00
Total
Forward - 60:00
Defense - 60:00

Play by Play

1st period


0:01 of 1st period - Ryan Carter wins face-off versus Greg Mauldin in neutral zone.
0:06 of 1st period - Wrist shot by Ryan Carter.
0:06 of 1st period - Shot Misses the Net.
0:08 of 1st period - Slapshot by Noah Welch.
0:08 of 1st period - Deflect By Ben Smith.
0:08 of 1st period - Shot Misses the Net.
0:08 of 1st period - Puck is out of play.
0:09 of 1st period - Ryan Carter wins face-off versus Greg Mauldin in Tamiflu zone.
0:14 of 1st period - Slapshot by Ben Smith.
0:14 of 1st period - Stopped by Mike McKenna with a rebound.
0:16 of 1st period - Backhand shot by Noah Welch.
0:16 of 1st period - Deflect By Ryan Carter.
0:16 of 1st period - Shot Misses the Net.
0:16 of 1st period - Puck is out of play.
0:17 of 1st period - Zac Dalpe wins face-off versus Casey Wellman in Tamiflu zone.
0:22 of 1st period - Slapshot by John Klingberg.
0:22 of 1st period - Shot Blocked by Kyle Lawson.
0:30 of 1st period - Wrist shot by Tye McGinn.
0:30 of 1st period - Stopped by Alex Stalock with a rebound.
0:32 of 1st period - Slapshot by Kyle Lawson.
0:32 of 1st period - Stopped by Alex Stalock with a rebound.
1:05 of 1st period - Charlie Coyle is hit by Garrett Wilson.
2:07 of 1st period - Nathan Oystrick is hit by T.J Galiardi and loses puck.
2:16 of 1st period - Snap shot by T.J Galiardi.
2:16 of 1st period - Shot Misses the Net.
2:35 of 1st period - Snap shot by Mike Duco.
2:35 of 1st period - Shot Misses the Net.
2:51 of 1st period - Wrist shot by Petr Pohl.
2:51 of 1st period - Shot Misses the Net.
3:13 of 1st period - Off-side.
3:14 of 1st period - Zac Dalpe wins face-off versus Casey Wellman in neutral zone.
3:52 of 1st period - Minor Penalty to Mathieu Carle for Interference.
3:53 of 1st period - Robbie Earl wins face-off versus Greg Mauldin in Influenza zone.
3:57 of 1st period - Wrist shot by Petr Pohl.
3:57 of 1st period - Shot Misses the Net.
3:59 of 1st period - Slapshot by Nathan Oystrick.
3:59 of 1st period - Stopped by Alex Stalock with a rebound.
4:01 of 1st period - Slapshot by Jonathan Sigalet.
4:01 of 1st period - Stopped by Alex Stalock without a rebound.
4:02 of 1st period - Greg Mauldin wins face-off versus Ryan Carter in Influenza zone.
4:09 of 1st period - Slapshot by Greg Mauldin.
4:09 of 1st period - Stopped by Alex Stalock without a rebound.
4:10 of 1st period - Ryan Carter wins face-off versus Greg Mauldin in Influenza zone.
4:10 of 1st period - Ryan Carter is hit by Petr Pohl.
4:37 of 1st period - Icing by Casey Wellman.
4:38 of 1st period - Ben Smith wins face-off versus Casey Wellman in Tamiflu zone.
5:52 of 1st period - Penalty to Mathieu Carle is over, Mathieu Carle is back on ice.
6:18 of 1st period - Off-side.
6:19 of 1st period - Philippe Dupuis wins face-off versus Charlie Coyle in neutral zone.
6:25 of 1st period - Minor Penalty to Colin McDonald for Hooking.
6:26 of 1st period - Ryan Carter wins face-off versus Greg Mauldin in Influenza zone.
6:34 of 1st period - Wrist shot by Greg Mauldin.
6:34 of 1st period - Shot Misses the Net.
6:36 of 1st period - Wrist shot by Petr Pohl.
6:36 of 1st period - Stopped by Alex Stalock with a rebound.
6:38 of 1st period - Slapshot by Nathan Oystrick.
6:38 of 1st period - Shot Misses the Net.
7:00 of 1st period - Wrist shot by Jamie Benn.
7:00 of 1st period - Stopped by Mike McKenna without a rebound.
7:01 of 1st period - Ryan Carter wins face-off versus Jan Mursak in Tamiflu zone.
7:04 of 1st period - Snap shot by Robbie Earl.
7:04 of 1st period - Shot Misses the Net.
7:21 of 1st period - Wrist shot by Ben Smith.
7:21 of 1st period - Shot Misses the Net.
7:33 of 1st period - Matt Corrente is hit by Mike Duco and loses puck.
7:50 of 1st period - Icing by Nathan Oystrick.
7:51 of 1st period - Ryan Carter wins face-off versus Casey Wellman in Tamiflu zone.
7:54 of 1st period - Snap shot by Ryan Carter.
7:54 of 1st period - Shot Misses the Net.
7:56 of 1st period - Slapshot by Noah Welch.
7:56 of 1st period - Stopped by Mike McKenna with a rebound.
8:08 of 1st period - Slapshot by Jonathan Sigalet.
8:08 of 1st period - Shot Misses the Net.
8:25 of 1st period - Penalty to Colin McDonald is over, Colin McDonald is back on ice.
8:34 of 1st period - Snap shot by Ryan Carter.
8:34 of 1st period - Shot Blocked by Mike Duco.
8:55 of 1st period - Icing by Mike Duco.
8:56 of 1st period - Zac Dalpe wins face-off versus Tye McGinn in Tamiflu zone.
8:57 of 1st period - Wrist shot by Jamie Benn.
8:57 of 1st period - Stopped by Mike McKenna with a rebound.
8:59 of 1st period - Wrist shot by Matt Corrente.
8:59 of 1st period - Shot Misses the Net.
9:03 of 1st period - Slapshot by Jamie Benn.
9:03 of 1st period - Deflect By Zac Dalpe.
9:03 of 1st period - Stopped by Mike McKenna without a rebound.
9:04 of 1st period - Jan Mursak wins face-off versus Zac Dalpe in Tamiflu zone.
9:08 of 1st period - Off-side.
9:09 of 1st period - Petr Pohl wins face-off versus Zac Dalpe in neutral zone.
9:18 of 1st period - Snap shot by Petr Pohl.
9:18 of 1st period - Shot Hit the Post.
9:20 of 1st period - Snap shot by Petr Pohl.
9:20 of 1st period - Stopped by Alex Stalock with a rebound.
9:30 of 1st period - Minor Penalty to Jeff May for Hooking.
9:31 of 1st period - Greg Mauldin wins face-off versus Ryan Carter in Influenza zone.
10:45 of 1st period - Noah Welch is hit by Jan Mursak and loses puck.
10:58 of 1st period - Jonathan Sigalet is hit by Mathieu Carle and loses puck.
11:13 of 1st period - Jonathan Sigalet is hit by Matt Corrente and loses puck.
11:30 of 1st period - Penalty to Jeff May is over, Jeff May is back on ice.
12:01 of 1st period - Minor Penalty to Corey Tropp for Tripping.
12:02 of 1st period - Ryan Carter wins face-off versus Petr Pohl in Influenza zone.
12:02 of 1st period - Ryan Carter is hit by Jan Mursak.
14:01 of 1st period - Penalty to Corey Tropp is over, Corey Tropp is back on ice.
14:15 of 1st period - Snap shot by Evgeny Grachev.
14:15 of 1st period - Stopped by Mike McKenna with a rebound.
14:17 of 1st period - Wrist shot by Evgeny Grachev.
14:17 of 1st period - Stopped by Mike McKenna without a rebound.
14:18 of 1st period - Charlie Coyle wins face-off versus Greg McKegg in Tamiflu zone.
14:19 of 1st period - Slapshot by Ryan Russell.
14:19 of 1st period - Stopped by Mike McKenna with a rebound.
14:25 of 1st period - Wrist shot by Garrett Wilson.
14:25 of 1st period - Stopped by Alex Stalock with a rebound.
14:27 of 1st period - Slapshot by Zach Trotman.
14:27 of 1st period - Deflect By Ben Hanowski.
14:27 of 1st period - Stopped by Alex Stalock without a rebound.
14:28 of 1st period - Ben Hanowski wins face-off versus Charlie Coyle in Influenza zone.
14:29 of 1st period - Slapshot by Justin Braun.
14:29 of 1st period - Shot Blocked by Colin McDonald.
14:31 of 1st period - Slapshot by Justin Braun.
14:31 of 1st period - Stopped by Alex Stalock with a rebound.
14:35 of 1st period - Wrist shot by Ben Hanowski.
14:35 of 1st period - Goal by Ben Hanowski - Influenza : 0 - Tamiflu : 1.
14:36 of 1st period - Greg Mauldin wins face-off versus Ryan Carter in neutral zone.
14:39 of 1st period - Slapshot by Petr Pohl.
14:39 of 1st period - Shot Misses the Net.
14:45 of 1st period - Ben Smith is hit by Petr Pohl and loses puck.
15:16 of 1st period - Jamie Benn is hit by Tye McGinn.
15:28 of 1st period - Slapshot by Noah Welch.
15:28 of 1st period - Shot Blocked by Jordan Hendry.
16:08 of 1st period - Wrist shot by Ben Hanowski.
16:08 of 1st period - Shot Misses the Net.
16:10 of 1st period - Slapshot by Zach Trotman.
16:10 of 1st period - Shot Blocked by John Klingberg.
16:12 of 1st period - Slapshot by Zach Trotman.
16:12 of 1st period - Shot Blocked by John Klingberg.
16:14 of 1st period - Slapshot by Greg McKegg.
16:14 of 1st period - Shot Blocked by John Klingberg.
16:16 of 1st period - Backhand shot by Zach Trotman.
16:16 of 1st period - Stopped by Alex Stalock with a rebound.
16:34 of 1st period - Snap shot by Casey Wellman.
16:34 of 1st period - Shot Blocked by Jamie Benn.
16:36 of 1st period - Snap shot by Casey Wellman.
16:36 of 1st period - Stopped by Alex Stalock with a rebound.
17:08 of 1st period - Jan Mursak is hit by Ben Smith and loses puck.
17:31 of 1st period - Slapshot by Jordan Hendry.
17:31 of 1st period - Deflect By Ben Hanowski.
17:31 of 1st period - Shot Misses the Net.
17:31 of 1st period - Puck is out of play.
17:32 of 1st period - Greg Mauldin wins face-off versus Ryan Carter in Influenza zone.
17:35 of 1st period - Snap shot by Petr Pohl.
17:35 of 1st period - Shot Misses the Net.
17:37 of 1st period - Snap shot by Greg Mauldin.
17:37 of 1st period - Stopped by Alex Stalock with a rebound.
17:39 of 1st period - Slapshot by Jordan Hendry.
17:39 of 1st period - Stopped by Alex Stalock without a rebound.
17:40 of 1st period - Ryan Carter wins face-off versus Greg Mauldin in Influenza zone.
17:50 of 1st period - Nathan Oystrick is hit by Ryan Carter and loses puck.
18:45 of 1st period - Jan Mursak is hit by Ryan Russell and loses puck.
18:50 of 1st period - Slapshot by Mathieu Carle.
18:50 of 1st period - Shot Misses the Net.
18:52 of 1st period - Slapshot by Mathieu Carle.
18:52 of 1st period - Deflect By Ryan Russell.
18:52 of 1st period - Shot Misses the Net.
18:52 of 1st period - Puck is out of play.
18:53 of 1st period - Ryan Carter wins face-off versus Tye McGinn in Tamiflu zone.
19:25 of 1st period - Wrist shot by Jan Mursak.
19:25 of 1st period - Shot Misses the Net.
19:43 of 1st period - Corey Tropp is hit by Kyle Lawson and loses puck.
Goals for this period are 0 for Influenza vs 1 for Tamiflu.
Shots for this period are 8 for Influenza vs 15 for Tamiflu.

2nd period


0:01 of 2nd period - Greg Mauldin wins face-off versus Ryan Carter in neutral zone.
0:04 of 2nd period - Slapshot by Nathan Oystrick.
0:04 of 2nd period - Shot Blocked by Noah Welch.
0:06 of 2nd period - Slapshot by Jonathan Sigalet.
0:06 of 2nd period - Deflect By Petr Pohl.
0:06 of 2nd period - Shot Misses the Net.
0:06 of 2nd period - Puck is out of play.
0:07 of 2nd period - Greg Mauldin wins face-off versus Ryan Carter in Influenza zone.
0:10 of 2nd period - Snap shot by Greg Mauldin.
0:10 of 2nd period - Shot Blocked by Robbie Earl.
0:12 of 2nd period - Slapshot by Nathan Oystrick.
0:12 of 2nd period - Shot Misses the Net.
0:14 of 2nd period - Slapshot by Nathan Oystrick.
0:14 of 2nd period - Shot Blocked by Noah Welch.
0:19 of 2nd period - Minor Penalty to Robbie Earl for Roughing.
0:20 of 2nd period - Ryan Carter wins face-off versus Greg Mauldin in Influenza zone.
0:36 of 2nd period - Slapshot by Greg Mauldin.
0:36 of 2nd period - Shot Blocked by Mathieu Carle.
1:44 of 2nd period - Charlie Coyle is hit by Kyle Lawson and loses puck.
2:19 of 2nd period - Penalty to Robbie Earl is over, Robbie Earl is back on ice.
2:21 of 2nd period - Ryan Russell is hit by Rich Clune.
2:45 of 2nd period - Nathan Oystrick is hit by T.J Galiardi and loses puck.
2:52 of 2nd period - Slapshot by Noah Welch.
2:52 of 2nd period - Stopped by Mike McKenna with a rebound.
5:09 of 2nd period - Wrist shot by Ben Hanowski.
5:09 of 2nd period - Deflect By Garrett Wilson.
5:09 of 2nd period - Shot Misses the Net.
5:09 of 2nd period - Puck is out of play.
5:10 of 2nd period - Ryan Carter wins face-off versus Greg McKegg in Influenza zone.
5:19 of 2nd period - Ben Hanowski is hit by Ryan Carter and loses puck.
5:29 of 2nd period - Minor Penalty to Zac Dalpe for Holding.
5:30 of 2nd period - Greg Mauldin wins face-off versus Ryan Carter in Influenza zone.
5:36 of 2nd period - Wrist shot by Greg Mauldin.
5:36 of 2nd period - Shot Misses the Net.
5:38 of 2nd period - Slapshot by Jonathan Sigalet.
5:38 of 2nd period - Shot Blocked by Mathieu Carle.
5:40 of 2nd period - Slapshot by Nathan Oystrick.
5:40 of 2nd period - Stopped by Alex Stalock with a rebound.
5:42 of 2nd period - Slapshot by Jonathan Sigalet.
5:42 of 2nd period - Shot Blocked by Robbie Earl.
5:44 of 2nd period - Snap shot by Nathan Oystrick.
5:44 of 2nd period - Stopped by Alex Stalock with a rebound.
5:46 of 2nd period - Snap shot by Jonathan Sigalet.
5:46 of 2nd period - Shot Blocked by Robbie Earl.
6:01 of 2nd period - Ben Smith is hit by Mike Duco and loses puck.
6:12 of 2nd period - Kyle Lawson is hit by Mathieu Carle and loses puck.
7:17 of 2nd period - Slapshot by Jonathan Sigalet.
7:17 of 2nd period - Stopped by Alex Stalock without a rebound.
7:18 of 2nd period - Ben Smith wins face-off versus Greg Mauldin in Influenza zone.
7:18 of 2nd period - Ben Smith is hit by Jan Mursak.
7:29 of 2nd period - Penalty to Zac Dalpe is over, Zac Dalpe is back on ice.
7:32 of 2nd period - Slapshot by Greg Mauldin.
7:32 of 2nd period - Stopped by Alex Stalock without a rebound.
7:33 of 2nd period - Evgeny Grachev wins face-off versus Greg Mauldin in Influenza zone.
7:58 of 2nd period - Jamie Benn is hit by Ben Hanowski and loses puck.
8:03 of 2nd period - Snap shot by Kyle Lawson.
8:03 of 2nd period - Stopped by Alex Stalock with a rebound.
8:05 of 2nd period - Slapshot by Ben Hanowski.
8:05 of 2nd period - Deflect By Greg McKegg.
8:05 of 2nd period - Stopped by Alex Stalock with a rebound.
8:25 of 2nd period - Slapshot by Mathieu Carle.
8:25 of 2nd period - Stopped by Mike McKenna without a rebound.
8:26 of 2nd period - Charlie Coyle wins face-off versus Philippe Dupuis in Tamiflu zone.
8:51 of 2nd period - Colin McDonald is hit by Jan Mursak.
9:00 of 2nd period - Off-side.
9:01 of 2nd period - Casey Wellman wins face-off versus Ryan Carter in neutral zone.
9:04 of 2nd period - Slapshot by Kyle Lawson.
9:04 of 2nd period - Shot Misses the Net.
9:25 of 2nd period - Carl Gunnarsson is hit by Nino Niederreiter.
9:38 of 2nd period - Minor Penalty to Ryan Carter for Holding.
9:39 of 2nd period - Greg Mauldin wins face-off versus Robbie Earl in Influenza zone.
9:47 of 2nd period - Snap shot by Greg Mauldin.
9:47 of 2nd period - Shot Misses the Net.
9:49 of 2nd period - Slapshot by Nathan Oystrick.
9:49 of 2nd period - Deflect By Jan Mursak.
9:49 of 2nd period - Stopped by Alex Stalock with a rebound.
9:51 of 2nd period - Snap shot by Greg Mauldin.
9:51 of 2nd period - Goal by Greg Mauldin - Influenza : 0 - Tamiflu : 2.
9:52 of 2nd period - Ryan Carter wins face-off versus Greg Mauldin in neutral zone.
9:55 of 2nd period - Petr Pohl is hit by Mathieu Carle and loses puck.
10:04 of 2nd period - Snap shot by Ryan Carter.
10:04 of 2nd period - Shot Blocked by Jonathan Sigalet.
10:06 of 2nd period - Slapshot by Mathieu Carle.
10:06 of 2nd period - Stopped by Mike McKenna without a rebound.
10:07 of 2nd period - Jeremy Morin wins face-off versus Casey Wellman in Tamiflu zone.
10:08 of 2nd period - Snap shot by Zac Dalpe.
10:08 of 2nd period - Shot Blocked by Tye McGinn.
10:19 of 2nd period - Mathieu Carle is hit by Jonathan Sigalet and loses puck.
10:26 of 2nd period - Jamie Benn is hit by Nathan Oystrick and loses puck.
10:43 of 2nd period - Wrist shot by Ben Smith.
10:43 of 2nd period - Stopped by Mike McKenna with a rebound.
10:57 of 2nd period - Wrist shot by Ryan Russell.
10:57 of 2nd period - Stopped by Mike McKenna with a rebound.
10:59 of 2nd period - Snap shot by Colin McDonald.
10:59 of 2nd period - Shot Misses the Net.
11:01 of 2nd period - Slapshot by Matt Corrente.
11:01 of 2nd period - Stopped by Mike McKenna without a rebound.
11:02 of 2nd period - Philippe Dupuis wins face-off versus Charlie Coyle in Tamiflu zone.
11:02 of 2nd period - Philippe Dupuis is hit by Matt Corrente.
11:08 of 2nd period - Charlie Coyle is hit by Mike Duco and loses puck.
11:27 of 2nd period - Robbie Earl is hit by Jan Mursak and loses puck.
11:36 of 2nd period - Snap shot by Petr Pohl.
11:36 of 2nd period - Stopped by Alex Stalock with a rebound.
11:38 of 2nd period - Slapshot by Petr Pohl.
11:38 of 2nd period - Shot Misses the Net.
11:52 of 2nd period - Snap shot by John Klingberg.
11:52 of 2nd period - Stopped by Mike McKenna without a rebound.
11:53 of 2nd period - Zac Dalpe wins face-off versus Casey Wellman in Tamiflu zone.
12:13 of 2nd period - Jonathan Sigalet is hit by Jeremy Morin.
12:29 of 2nd period - Slapshot by Jonathan Sigalet.
12:29 of 2nd period - Deflect By Tye McGinn.
12:29 of 2nd period - Stopped by Alex Stalock with a rebound.
12:31 of 2nd period - Backhand shot by Jonathan Sigalet.
12:31 of 2nd period - Stopped by Alex Stalock with a rebound.
12:33 of 2nd period - Slapshot by Jonathan Sigalet.
12:33 of 2nd period - Shot Misses the Net.
12:35 of 2nd period - Wrist shot by Tye McGinn.
12:35 of 2nd period - Shot Misses the Net.
12:37 of 2nd period - Snap shot by Tye McGinn.
12:37 of 2nd period - Shot Misses the Net.
12:39 of 2nd period - Slapshot by Nathan Oystrick.
12:39 of 2nd period - Stopped by Alex Stalock without a rebound.
12:40 of 2nd period - Ryan Carter wins face-off versus Greg Mauldin in Influenza zone.
12:40 of 2nd period - Ryan Carter is hit by Greg Mauldin.
13:06 of 2nd period - Wrist shot by Ben Hanowski.
13:06 of 2nd period - Stopped by Alex Stalock without a rebound.
13:07 of 2nd period - Evgeny Grachev wins face-off versus Greg McKegg in Influenza zone.
13:46 of 2nd period - Slapshot by Noah Welch.
13:46 of 2nd period - Stopped by Mike McKenna with a rebound.
14:00 of 2nd period - Wrist shot by Mike Duco.
14:00 of 2nd period - Shot Misses the Net.
14:02 of 2nd period - Snap shot by Nathan Oystrick.
14:02 of 2nd period - Deflect By Mike Duco.
14:02 of 2nd period - Shot Misses the Net.
14:02 of 2nd period - Puck is out of play.
14:03 of 2nd period - Philippe Dupuis wins face-off versus Ryan Carter in Influenza zone.
14:12 of 2nd period - Robbie Earl is hit by Philippe Dupuis and loses puck.
14:23 of 2nd period - Mike Duco is hit by Robbie Earl and loses puck.
14:37 of 2nd period - Jonathan Sigalet is hit by Ryan Carter and loses puck.
14:42 of 2nd period - Slapshot by Ryan Carter.
14:42 of 2nd period - Goal by Ryan Carter - Influenza : 1 - Tamiflu : 2.
14:43 of 2nd period - Zac Dalpe wins face-off versus Greg Mauldin in neutral zone.
15:15 of 2nd period - Wrist shot by T.J Galiardi.
15:15 of 2nd period - Shot Blocked by Nathan Oystrick.
15:17 of 2nd period - Snap shot by T.J Galiardi.
15:17 of 2nd period - Stopped by Mike McKenna without a rebound.
15:18 of 2nd period - Casey Wellman wins face-off versus Evgeny Grachev in Tamiflu zone.
15:40 of 2nd period - Icing by Nino Niederreiter.
15:41 of 2nd period - Ryan Carter wins face-off versus Philippe Dupuis in Tamiflu zone.
15:42 of 2nd period - Snap shot by Ben Smith.
15:42 of 2nd period - Shot Hit the Post.
15:54 of 2nd period - Noah Welch is hit by Kyle Lawson and loses puck.
16:07 of 2nd period - Nathan Oystrick is hit by Zac Dalpe and loses puck.
17:01 of 2nd period - Off-side.
17:02 of 2nd period - Greg Mauldin wins face-off versus Ryan Carter in neutral zone.
17:13 of 2nd period - Snap shot by Greg Mauldin.
17:13 of 2nd period - Deflect By Robbie Earl.
17:13 of 2nd period - Stopped by Alex Stalock with a rebound.
17:27 of 2nd period - Jamie Benn is hit by Casey Wellman and loses puck.
17:35 of 2nd period - Off-side.
17:36 of 2nd period - Ryan Carter wins face-off versus Greg Mauldin in neutral zone.
17:47 of 2nd period - Jordan Hendry is hit by Ben Smith and loses puck.
17:54 of 2nd period - Robbie Earl is hit by Jordan Hendry and loses puck.
18:05 of 2nd period - Mathieu Carle is hit by Kyle Lawson and loses puck.
18:13 of 2nd period - Off-side.
18:14 of 2nd period - Zac Dalpe wins face-off versus Casey Wellman in neutral zone.
18:14 of 2nd period - Zac Dalpe is hit by Nino Niederreiter.
18:24 of 2nd period - Wrist shot by John Klingberg.
18:24 of 2nd period - Goal by John Klingberg - Influenza : 2 - Tamiflu : 2.
18:25 of 2nd period - Ryan Carter wins face-off versus Greg Mauldin in neutral zone.
18:34 of 2nd period - Ben Smith is hit by Petr Pohl and loses puck.
19:12 of 2nd period - Icing by Noah Welch.
19:13 of 2nd period - Philippe Dupuis wins face-off versus Zac Dalpe in Influenza zone.
19:40 of 2nd period - Slapshot by Robbie Earl.
19:40 of 2nd period - Shot Blocked by Nathan Oystrick.
19:54 of 2nd period - Jan Mursak is hit by Ben Smith and loses puck.
Goals for this period are 2 for Influenza vs 1 for Tamiflu.
Shots for this period are 11 for Influenza vs 14 for Tamiflu.

3rd period


0:01 of 3rd period - Ryan Carter wins face-off versus Greg Mauldin in neutral zone.
0:26 of 3rd period - Jeremy Morin is hit by Nathan Oystrick and loses puck.
0:49 of 3rd period - Snap shot by T.J Galiardi.
0:49 of 3rd period - Shot Blocked by Jordan Hendry.
0:51 of 3rd period - Slapshot by John Klingberg.
0:51 of 3rd period - Shot Blocked by Jordan Hendry.
0:53 of 3rd period - Slapshot by John Klingberg.
0:53 of 3rd period - Stopped by Mike McKenna without a rebound.
0:54 of 3rd period - Ryan Carter wins face-off versus Philippe Dupuis in Tamiflu zone.
0:55 of 3rd period - Wrist shot by Ben Smith.
0:55 of 3rd period - Stopped by Mike McKenna with a rebound.
1:21 of 3rd period - Icing by Matt Corrente.
1:22 of 3rd period - Petr Pohl wins face-off versus Ryan Carter in Influenza zone.
1:59 of 3rd period - Slapshot by John Klingberg.
1:59 of 3rd period - Shot Misses the Net.
2:03 of 3rd period - Slapshot by John Klingberg.
2:03 of 3rd period - Stopped by Mike McKenna with a rebound.
2:20 of 3rd period - Slapshot by Jonathan Sigalet.
2:20 of 3rd period - Stopped by Alex Stalock without a rebound.
2:21 of 3rd period - T.J Galiardi wins face-off versus Greg Mauldin in Influenza zone.
2:53 of 3rd period - Snap shot by Tye McGinn.
2:53 of 3rd period - Stopped by Alex Stalock without a rebound.
2:54 of 3rd period - Casey Wellman wins face-off versus Ryan Carter in Influenza zone.
3:03 of 3rd period - Slapshot by Ryan Carter.
3:03 of 3rd period - Shot Misses the Net.
3:05 of 3rd period - Slapshot by Noah Welch.
3:05 of 3rd period - Shot Misses the Net.
3:07 of 3rd period - Wrist shot by Ryan Carter.
3:07 of 3rd period - Stopped by Mike McKenna with a rebound.
3:09 of 3rd period - Snap shot by Ben Smith.
3:09 of 3rd period - Goal by Ben Smith - Influenza : 3 - Tamiflu : 2.
3:10 of 3rd period - Ryan Carter wins face-off versus Greg Mauldin in neutral zone.
3:24 of 3rd period - Off-side.
3:25 of 3rd period - Casey Wellman wins face-off versus Zac Dalpe in neutral zone.
3:50 of 3rd period - Petr Pohl is hit by Ben Smith and loses puck.
4:17 of 3rd period - Slapshot by T.J Galiardi.
4:17 of 3rd period - Shot Blocked by Jordan Hendry.
4:43 of 3rd period - Snap shot by Garrett Wilson.
4:43 of 3rd period - Shot Misses the Net.
4:55 of 3rd period - Mathieu Carle is hit by Nino Niederreiter and loses puck.
5:02 of 3rd period - Slapshot by Jonathan Sigalet.
5:02 of 3rd period - Shot Misses the Net.
5:10 of 3rd period - Jonathan Sigalet is hit by Jeremy Morin.
5:26 of 3rd period - Slapshot by Mathieu Carle.
5:26 of 3rd period - Shot Misses the Net.
5:42 of 3rd period - Slapshot by Mathieu Carle.
5:42 of 3rd period - Stopped by Mike McKenna with a rebound.
5:44 of 3rd period - Minor Penalty to Stefan Elliott for Hooking.
5:45 of 3rd period - Ryan Carter wins face-off versus Greg Mauldin in Tamiflu zone.
5:50 of 3rd period - Slapshot by Ryan Carter.
5:50 of 3rd period - Stopped by Mike McKenna with a rebound.
5:52 of 3rd period - Slapshot by Matt Corrente.
5:52 of 3rd period - Deflect By Nathan Oystrick.
5:52 of 3rd period - Stopped by Mike McKenna with a rebound.
5:54 of 3rd period - Slapshot by John Klingberg.
5:54 of 3rd period - Stopped by Mike McKenna with a rebound.
6:00 of 3rd period - Wrist shot by Ryan Carter.
6:00 of 3rd period - Stopped by Mike McKenna without a rebound.
6:01 of 3rd period - Greg Mauldin wins face-off versus Ryan Carter in Tamiflu zone.
6:35 of 3rd period - Nathan Oystrick is hit by John Klingberg.
7:44 of 3rd period - Penalty to Stefan Elliott is over, Stefan Elliott is back on ice.
7:51 of 3rd period - Kyle Lawson is hit by Corey Tropp and loses puck.
7:58 of 3rd period - Wrist shot by Evgeny Grachev.
7:58 of 3rd period - Shot Blocked by Jordan Hendry.
8:08 of 3rd period - Jeff May is hit by Garrett Wilson and loses puck.
8:28 of 3rd period - Slapshot by Nino Niederreiter.
8:28 of 3rd period - Shot Misses the Net.
8:36 of 3rd period - Slapshot by Tye McGinn.
8:36 of 3rd period - Shot Misses the Net.
9:19 of 3rd period - Snap shot by Petr Pohl.
9:19 of 3rd period - Shot Misses the Net.
9:21 of 3rd period - Snap shot by Petr Pohl.
9:21 of 3rd period - Stopped by Alex Stalock without a rebound.
9:22 of 3rd period - Greg Mauldin wins face-off versus Zac Dalpe in Influenza zone.
9:58 of 3rd period - Slapshot by Ryan Carter.
9:58 of 3rd period - Shot Blocked by Kyle Lawson.
10:24 of 3rd period - Icing by Kyle Lawson.
10:25 of 3rd period - Philippe Dupuis wins face-off versus Zac Dalpe in Tamiflu zone.
10:25 of 3rd period - Philippe Dupuis is hit by Zac Dalpe.
10:28 of 3rd period - Icing by Jordan Hendry.
10:29 of 3rd period - Philippe Dupuis wins face-off versus Zac Dalpe in Tamiflu zone.
10:40 of 3rd period - Slapshot by Jordan Hendry.
10:40 of 3rd period - Deflect By Rich Clune.
10:40 of 3rd period - Shot Misses the Net.
10:40 of 3rd period - Puck is out of play.
10:41 of 3rd period - Ryan Carter wins face-off versus Greg Mauldin in Influenza zone.
11:07 of 3rd period - Matt Corrente is hit by Nino Niederreiter and loses puck.
11:14 of 3rd period - Casey Wellman is hit by Zac Dalpe.
11:32 of 3rd period - Kyle Lawson is hit by Noah Welch and loses puck.
12:12 of 3rd period - Snap shot by Noah Welch.
12:12 of 3rd period - Shot Blocked by Zach Trotman.
12:18 of 3rd period - Backhand shot by Garrett Wilson.
12:18 of 3rd period - Shot Blocked by Noah Welch.
12:20 of 3rd period - Wrist shot by Greg McKegg.
12:20 of 3rd period - Stopped by Alex Stalock with a rebound.
12:22 of 3rd period - Snap shot by Garrett Wilson.
12:22 of 3rd period - Stopped by Alex Stalock without a rebound.
12:23 of 3rd period - Casey Wellman wins face-off versus Ryan Carter in Influenza zone.
12:24 of 3rd period - Snap shot by Tye McGinn.
12:24 of 3rd period - Stopped by Alex Stalock with a rebound.
12:32 of 3rd period - Slapshot by Ryan Carter.
12:32 of 3rd period - Shot Misses the Net.
13:32 of 3rd period - Corey Tropp is hit by Ben Hanowski.
13:33 of 3rd period - Icing by Corey Tropp.
13:34 of 3rd period - Greg McKegg wins face-off versus Evgeny Grachev in Influenza zone.
13:34 of 3rd period - Greg McKegg is hit by Matt Corrente.
14:09 of 3rd period - Slapshot by Noah Welch.
14:09 of 3rd period - Stopped by Mike McKenna with a rebound.
14:20 of 3rd period - Off-side.
14:21 of 3rd period - Zac Dalpe wins face-off versus Casey Wellman in neutral zone.
14:52 of 3rd period - Slapshot by Jeremy Morin.
14:52 of 3rd period - Shot Misses the Net.
14:54 of 3rd period - Slapshot by John Klingberg.
14:54 of 3rd period - Shot Misses the Net.
15:04 of 3rd period - Snap shot by Zac Dalpe.
15:04 of 3rd period - Goal by Zac Dalpe - Influenza : 4 - Tamiflu : 2.
15:05 of 3rd period - Evgeny Grachev wins face-off versus Philippe Dupuis in neutral zone.
15:53 of 3rd period - Zac Dalpe is hit by Casey Wellman and loses puck.
16:00 of 3rd period - Backhand shot by Nathan Oystrick.
16:00 of 3rd period - Shot Misses the Net.
16:22 of 3rd period - Charlie Coyle is hit by Ben Hanowski and loses puck.
16:37 of 3rd period - Snap shot by Evgeny Grachev.
16:37 of 3rd period - Stopped by Mike McKenna with a rebound.
16:39 of 3rd period - Wrist shot by Corey Tropp.
16:39 of 3rd period - Stopped by Mike McKenna without a rebound.
16:40 of 3rd period - Philippe Dupuis wins face-off versus Evgeny Grachev in Tamiflu zone.
16:45 of 3rd period - Noah Welch is hit by Jordan Hendry and loses puck.
17:17 of 3rd period - Icing by Mathieu Carle.
17:18 of 3rd period - Greg Mauldin wins face-off versus Ryan Carter in Influenza zone.
18:43 of 3rd period - Icing by Carl Gunnarsson.
18:44 of 3rd period - Ryan Carter wins face-off versus Greg Mauldin in Influenza zone.
18:51 of 3rd period - Wrist shot by Greg Mauldin.
18:51 of 3rd period - Stopped by Alex Stalock without a rebound.
18:52 of 3rd period - Philippe Dupuis wins face-off versus Evgeny Grachev in Influenza zone.
18:55 of 3rd period - Wrist shot by Mike Duco.
18:55 of 3rd period - Stopped by Alex Stalock without a rebound.
18:56 of 3rd period - T.J Galiardi wins face-off versus Philippe Dupuis in Influenza zone.
19:24 of 3rd period - Snap shot by Evgeny Grachev.
19:24 of 3rd period - Shot Misses the Net.
19:26 of 3rd period - Wrist shot by T.J Galiardi.
19:26 of 3rd period - Stopped by Mike McKenna with a rebound.
19:28 of 3rd period - Slapshot by Mathieu Carle.
19:28 of 3rd period - Shot Blocked by Jordan Hendry.
19:30 of 3rd period - Slapshot by T.J Galiardi.
19:30 of 3rd period - Shot Misses the Net.
19:32 of 3rd period - Wrist shot by Corey Tropp.
19:32 of 3rd period - Stopped by Mike McKenna with a rebound.
19:36 of 3rd period - Wrist shot by T.J Galiardi.
19:36 of 3rd period - Shot Blocked by Mike Duco.
19:38 of 3rd period - Slapshot by Mathieu Carle.
19:38 of 3rd period - Shot Blocked by Rich Clune.
19:40 of 3rd period - Slapshot by Mathieu Carle.
19:40 of 3rd period - Stopped by Mike McKenna without a rebound.
19:41 of 3rd period - Charlie Coyle wins face-off versus Greg McKegg in Tamiflu zone.
19:53 of 3rd period - Slapshot by Charlie Coyle.
19:53 of 3rd period - Stopped by Mike McKenna without a rebound.
19:54 of 3rd period - Casey Wellman wins face-off versus Zac Dalpe in Tamiflu zone.
19:54 of 3rd period - Casey Wellman is hit by John Klingberg.
Goals for this period are 2 for Influenza vs 0 for Tamiflu.
Shots for this period are 18 for Influenza vs 8 for Tamiflu.